 Dungeon Crawl Stone Soup version 0.26.1-11-gd32895ea62 (webtiles) character file.

Game seed: 13810094661329039782

49 DildoBatman the Conjurer (level 4, -3/31 HPs)
             Began as a Formicid Conjurer on May 18, 2021.
             Slain by a worker ant (7 damage)
             ... on level 2 of the Dungeon.
             The game lasted 00:03:19 (1043 turns).

DildoBatman the Conjurer (Formicid Conjurer)        Turns: 1043, Time: 00:03:19

Health: -3/31      AC:  2    Str: 12    XL:     4   Next: 1%
Magic:  5/7        EV:  9    Int: 18    God:
Gold:   84         SH:  0    Dex:  9    Spells: 4/7 levels left

rFire    . . .     SeeInvis +   a - +0 hunting sling
rCold    . . .     Faith    .   (no shield)
rNeg     . . .     Spirit   .   g - +0 robe
rPois    .         Reflect  .   (helmet unavailable)
rElec    .         Harm     .   (no cloak)
rCorr    .         Rampage  .   (no gloves)
Will     .....                  (no boots)
Stlth    ++........             (no amulet)
HPRegen  0.10/turn              (no ring)
MPRegen  0.10/turn              (no ring)

@: constricted
A: permanent stasis, dig shafts and tunnels, four strong arms, antennae 3
a: Dig, Shaft Self


You were on level 2 of the Dungeon.
You visited 1 branch of the dungeon, and saw 2 of its levels.

You collected 84 gold pieces.

Inventory:

Hand Weapons
 a - a +0 hunting sling (weapon)
Missiles
 c - 54 stones (quivered ammo)
 d - 23 bolts
 f - 30 arrows
Armour
 g - a +0 robe (worn)
Scrolls
 b - a scroll of enchant weapon {unknown}
 i - a scroll of random uselessness {unknown}
 j - a scroll of remove curse {unknown}
 l - a scroll of fear {unknown}
Potions
 e - 2 potions of curing {unknown}
 h - a potion of might {unknown}
 k - a potion of heal wounds {unknown}


   Skills:
 * Level 0.4 Fighting
 * Level 0.3 Armour
 - Level 1.7 Dodging
 - Level 2.4 Stealth
 * Level 2.3 Spellcasting
 * Level 4.7 Conjurations


You had 4 spell levels left.
You knew the following spells:

 Your Spells              Type           Power        Failure   Level
a - Searing Ray           Conj           38%          3%          2
c - Magic Dart            Conj           76%          2%          1

Your spell library contained the following spells:

 Spells                   Type           Power        Failure   Level
 Dazzling Flash           Conj/Hex       20%          21%         3
 Fulminant Prism          Conj/Hex       5%           54%         4
 Iskenderun's Mystic Bla  Conj/Tloc      10%          54%         4


Dungeon Overview and Level Annotations

Branches:
Dungeon (2/15)

Altars:


Innate Abilities, Weirdness & Mutations

You cannot be hasted, slowed, berserked, paralysed or teleported.
You can dig through walls and to a lower floor.
Your four strong arms can wield two-handed weapons with a shield.
You have a pair of large antennae on your head. (SInv)


Message History

t - Shout!
Orders for allies: a - Attack new target. r - Retreat! s - Stop attacking. g - Guard the area. f - Follow me.
Anything else - Cancel.
You shout for attention!
The ball python bites you but does no damage.
The ball python constricts you. The worker ant bites you.
The ball python bites you but does no damage.
The ball python constricts you. What are your orders? t - Shout!
Orders for allies: a - Attack new target. r - Retreat! s - Stop attacking. g - Guard the area. f - Follow me.
Anything else - Cancel.
You shout for attention!
The worker ant bites you!
You die...

#(#. #... ... #.< ..
r# ###S# ##.@.#
.########.B###
..........######
########.......# .###
########..####......
#.......)....... ..{
######..######## .#
#.###### ##.# ########
#......####..###......


You could see a worker ant, a ball python and a rat.

Vanquished Creatures
  An adder (D:2)
  2 oozes (D:1)
  3 dart slugs (D:1)
  A leopard gecko (D:1)
  3 bats (D:1)
  A giant cockroach (D:1)
  3 hobgoblins (D:1)
  A quokka (D:2)
  A ball python (D:1)
  A frilled lizard (D:1)
  2 goblins (D:1)
  5 kobolds
  4 rats (D:1)
28 creatures vanquished.

Notes
Turn   | Place    | Note
-------+----------+-------------------------------------------
     0 | D:1      | DildoBatman the Formicid Conjurer began the quest for the
                  | Orb.
     0 | D:1      | Reached XP level 1. HP: 13/13 MP: 3/3
   283 | D:1      | Reached XP level 2. HP: 10/19 MP: 1/5
   287 | D:1      | Learned a level 2 spell: Searing Ray
   337 | D:1      | Reached skill level 4 in Conjurations
   465 | D:1      | Reached XP level 3. HP: 24/24 MP: 1/6
  1015 | D:2      | Reached XP level 4. HP: 31/31 MP: 2/7
  1043 | D:2      | Slain by a worker ant

Illustrated notes

Levels and vault maps discovered:
D:1:      dpeg_arrival_yet_another_circle, layout_basic
D:2:      layout_rooms

Skill      XL: |  1  2 |
---------------+-------+-----
Conjurations   | 4 |  4.7
Fighting       | |  0.4
Armour         | |  0.3
Dodging        | |  1.7
Stealth        | |  2.4
Spellcasting   | |  2.3

Action                   |  1- 3 |  4- 6 || total
-------------------------+-------+-------++-------
Melee: Club              |    17 |       ||    17
 Fire: Hunting sling     |     6 |       ||     6
Throw: Stone             |    11 |       ||    11
 Cast: Magic Dart        |    20 |       ||    20
       Searing Ray       |     9 |       ||     9
Armor: Robe              |     7 |     9 ||    16
Dodge: Dodged            |    23 |     8 ||    31
